[ AOE2 MATCH · #481604764 ]
UnrankedAztecs vs Khitans
[ REPLAY ANALYSIS · EXTRACTED FROM THE RECORDED GAME ]
Feudal
10:33
Castle
24:21
Imperial
—
| APM avg | 19.0 |
| APM peak | 46 |
| eAPM avg | 8.9 |
| Villagers / military | 50 / 18 |
Focus
⚔️ 24.9% · 🌾 75.1%
Eagle Scout ×13 · Militia ×3 · Spearman ×2
Feudal
10:38
Castle
—
Imperial
—
| APM avg | 17.6 |
| APM peak | 51 |
| eAPM avg | 9.0 |
| Villagers / military | 45 / 14 |
Focus
⚔️ 29.7% · 🌾 70.3%
Scout Cavalry ×14
Feudal
11:29
Castle
17:27
Imperial
—
| APM avg | 18.7 |
| APM peak | 48 |
| eAPM avg | 11.9 |
| Villagers / military | 70 / 17 |
Focus
⚔️ 16.4% · 🌾 83.6%
Huskarl ×12 · Spearman ×5
Feudal
13:19
Castle
19:25
Imperial
—
| APM avg | 36.6 |
| APM peak | 79 |
| eAPM avg | 11.6 |
| Villagers / military | 41 / 7 |
Focus
⚔️ 5.1% · 🌾 94.9%
Scout Cavalry ×5 · Spearman ×2
Feudal
11:19
Castle
—
Imperial
—
| APM avg | 37.2 |
| APM peak | 79 |
| eAPM avg | 13.7 |
| Villagers / military | 49 / 10 |
Focus
⚔️ 12.6% · 🌾 87.4%
Militia ×8 · Spearman ×2
Feudal
—
Castle
—
Imperial
—
| APM avg | 31.2 |
| APM peak | 66 |
| eAPM avg | 15.1 |
| Villagers / military | 87 / 39 |
Focus
⚔️ 18.2% · 🌾 81.8%
Knight ×31 · Scout Cavalry ×8
Feudal
11:03
Castle
25:32
Imperial
—
| APM avg | 18.3 |
| APM peak | 51 |
| eAPM avg | 10.2 |
| Villagers / military | 47 / 11 |
Focus
⚔️ 17.4% · 🌾 82.6%
Steppe Lancer ×9 · Scout Cavalry ×2
Feudal
9:25
Castle
23:09
Imperial
—
| APM avg | 52.9 |
| APM peak | 86 |
| eAPM avg | 18.1 |
| Villagers / military | 74 / 64 |
Focus
⚔️ 24.5% · 🌾 75.5%
Archer ×52 · Spearman ×6 · Mangonel ×5 · Militia ×1
Match map
Initial resources + every placement click. Lines = walls · curves = elevation contours. ◆ gold · ⬟ stone · ● berries · ✦ relic · ◌ wall gap
Your base· ✓ Closed at 24:21 · 31t walls · 1 gate(s) · fragile
DisWhey's base· Open — 2t gap
AngryKok's base· ✓ Closed at 17:27 · 0t walls · fragile
Longlonglong's base· Open — unwalled flank
zack's base· Open — unwalled flank
ForlornBirch96's base· ✓ Closed at 19:48 · 0t walls · fragile
IBM's base· Open — unwalled flank
NotSleeping's base· ✓ Closed at 23:09 · 46t walls · fragile
Smoothed initial terrain · ◌ = detected wall gap · hover for details
Inputs per minute
— Baruchiev - - DisWhey
Build order — Baruchiev
147 actions detected in the replay
| 0:02 | Create | Villager (Male) |
| 0:02 | Create | Villager (Male) |
| 0:02 | Create | Villager (Male) |
| 0:02 | Create | Villager (Male) |
| 0:03 | Create | Villager (Male) |
| 0:09 | Build | House |
| 0:16 | Build | House |
| 1:32 | Create | Villager (Male) |
| 2:16 | Create | Villager (Male) |
| 2:17 | Create | Villager (Male) |
| 2:31 | Build | Lumber Camp |
| 2:39 | Create | Villager (Male) |
| 3:01 | Build | House |
| 3:14 | Create | Villager (Male) |
| 3:14 | Create | Villager (Male) |
| 3:45 | Create | Villager (Male) |
| 3:45 | Create | Villager (Male) |
| 4:19 | Create | Villager (Male) |
| 4:19 | Create | Villager (Male) |
| 4:52 | Create | Villager (Male) |
| 4:53 | Create | Villager (Male) |
| 4:53 | Create | Villager (Male) |
| 5:47 | Create | Villager (Male) |
| 5:48 | Create | Villager (Male) |
| 6:09 | Create | Villager (Male) |
| 6:43 | Create | Villager (Male) |
| 7:06 | Build | Barracks |
| 7:16 | Build | Mill |
| 7:22 | Research | Loom |
| 7:37 | Build | House |
| 7:57 | Create | Villager (Male) |
| 8:23 | Research | Feudal Age |
| 8:45 | Build | Palisade Gate |
| 8:53 | Create | Militia |
| 8:54 | Create | Militia |
| 8:55 | Create | Militia |
| 9:30 | Build | House |
| 9:37 | Build | Palisade Wall |
| 10:07 | Build | House |
| 10:33 | Age | Feudal Age |
| 10:34 | Build | House |
| 10:42 | Research | Man-at-Arms (upgrade) |
| 10:42 | Create | Villager (Male) |
| 10:43 | Create | Villager (Male) |
| 11:14 | Create | Villager (Male) |
| 12:12 | Create | Villager (Male) |
| 12:13 | Create | Villager (Male) |
| 12:39 | Create | Villager (Male) |
| 12:49 | Build | Palisade Wall |
| 13:02 | Build | Lumber Camp |
| 13:04 | Create | Villager (Male) |
| 13:04 | Create | Villager (Male) |
| 13:35 | Create | Villager (Male) |
| 13:45 | Build | House |
| 14:07 | Build | Mining Camp |
| 14:11 | Create | Villager (Male) |
| 14:20 | Build | Market |
| 15:23 | Create | Villager (Male) |
| 15:23 | Create | Villager (Male) |
| 15:31 | Build | Blacksmith |
| 15:38 | Research | Double-Bit Axe |
| 16:04 | Create | Villager (Male) |
| 16:12 | Build | Palisade Wall |
| 16:26 | Create | Villager (Male) |
| 16:30 | Build | Farm |
| 16:30 | Build | Farm |
| 16:31 | Build | Farm |
| 16:31 | Build | Farm |
| 16:31 | Build | Farm |
| 16:31 | Build | Farm |
| 16:32 | Build | Farm |
| 16:32 | Build | Farm |
| 16:32 | Build | Farm |
| 16:32 | Build | Farm |
| 16:32 | Build | Farm |
| 16:37 | Research | Horse Collar |
| 16:39 | Create | Villager (Male) |
| 16:49 | Build | House |
| 17:41 | Create | Villager (Male) |
| 17:47 | Build | Mining Camp |
| 17:51 | Build | Farm |
| 17:52 | Build | Farm |
| 17:52 | Build | Farm |
| 17:52 | Build | Farm |
| 17:52 | Build | Farm |
| 17:53 | Build | Farm |
| 17:53 | Build | Farm |
| 17:53 | Build | Farm |
| 17:53 | Build | Farm |
| 17:54 | Build | Farm |
| 18:00 | Create | Villager (Male) |
| 18:29 | Research | Forging |
| 18:36 | Build | Farm |
| 18:36 | Build | Farm |
| 18:37 | Build | Farm |
| 18:49 | Create | Villager (Male) |
| 18:52 | Build | Farm |
| 18:55 | Create | Villager (Male) |
| 19:48 | Create | Villager (Male) |
| 19:48 | Create | Villager (Male) |
| 19:52 | Build | Farm |
| 19:52 | Build | Farm |
| 20:51 | Create | Villager (Male) |
| 20:52 | Create | Villager (Male) |
| 20:56 | Build | Farm |
| 20:56 | Build | Farm |
| 21:34 | Build | Farm |
| 21:36 | Research | Castle Age |
| 21:53 | Create | Spearman |
| 21:53 | Create | Spearman |
| 22:44 | Build | House |
| 22:45 | Build | House |
| 22:48 | Build | House |
| 23:19 | Research | Scale Mail Armor |
| 23:28 | Create | Eagle Scout |
| 23:28 | Create | Eagle Scout |
| 23:29 | Create | Eagle Scout |
| 23:29 | Create | Eagle Scout |
| 23:40 | Build | Barracks |
| 23:55 | Research | Arson |
| 24:21 | Age | Castle Age |
| 24:24 | Research | Eagle Warrior (upgrade) |
| 24:30 | Create | Eagle Scout |
| 24:30 | Create | Eagle Scout |
| 24:31 | Create | Eagle Scout |
| 24:36 | Research | Eagle Warrior (upgrade) |
| 24:41 | Research | Chain Mail Armor |
| 24:49 | Build | House |
| 25:05 | Create | Eagle Scout |
| 25:08 | Create | Villager (Male) |
| 25:08 | Create | Villager (Male) |
| 25:08 | Create | Villager (Male) |
| 25:14 | Research | Gold Mining |
| 25:18 | Research | Heavy Plow |
| 25:21 | Research | Bow Saw |
| 25:36 | Create | Eagle Scout |
| 25:36 | Create | Eagle Scout |
| 26:15 | Create | Eagle Scout |
| 26:16 | Create | Eagle Scout |
| 26:16 | Create | Eagle Scout |
| 26:21 | Create | Villager (Male) |
| 26:32 | Research | Squires |
| 26:43 | Research | Iron Casting |
| 26:48 | Build | House |
| 27:28 | Build | Town Center |
| 27:32 | Research | Wheelbarrow |
| 28:03 | Research | Long Swordsman (upgrade) |
Build order — DisWhey
107 actions detected in the replay
| 0:01 | Create | Villager (Male) |
| 0:02 | Create | Villager (Male) |
| 0:02 | Create | Villager (Male) |
| 0:02 | Create | Villager (Male) |
| 0:03 | Create | Villager (Male) |
| 0:04 | Build | House |
| 0:06 | Build | House |
| 1:25 | Create | Villager (Male) |
| 2:11 | Create | Villager (Male) |
| 2:15 | Build | House |
| 2:17 | Build | House |
| 2:22 | Create | Villager (Male) |
| 2:22 | Create | Villager (Male) |
| 2:38 | Build | Lumber Camp |
| 2:59 | Create | Villager (Male) |
| 3:09 | Create | Villager (Male) |
| 3:53 | Research | Loom |
| 4:06 | Create | Villager (Male) |
| 4:07 | Create | Villager (Male) |
| 4:23 | Create | Villager (Male) |
| 4:24 | Create | Villager (Male) |
| 5:32 | Create | Villager (Male) |
| 5:33 | Create | Villager (Male) |
| 5:34 | Create | Villager (Male) |
| 5:57 | Build | Mill |
| 6:42 | Create | Villager (Male) |
| 6:42 | Create | Villager (Male) |
| 7:02 | Create | Villager (Male) |
| 7:04 | Create | Villager (Male) |
| 7:09 | Build | Mill |
| 7:56 | Create | Villager (Male) |
| 8:27 | Research | Feudal Age |
| 9:44 | Build | Barracks |
| 9:51 | Build | House |
| 9:59 | Create | Villager (Male) |
| 9:59 | Create | Villager (Male) |
| 10:00 | Create | Villager (Male) |
| 10:11 | Create | Villager (Male) |
| 10:12 | Create | Villager (Male) |
| 10:35 | Build | House |
| 10:38 | Age | Feudal Age |
| 10:59 | Create | Villager (Male) |
| 11:30 | Build | Stable |
| 12:06 | Build | Blacksmith |
| 12:40 | Create | Scout Cavalry |
| 12:41 | Create | Scout Cavalry |
| 12:46 | Create | Villager (Male) |
| 12:47 | Create | Villager (Male) |
| 12:49 | Research | Tech 1014 |
| 13:02 | Research | Double-Bit Axe |
| 13:05 | Build | House |
| 13:14 | Build | House |
| 13:17 | Build | House |
| 13:18 | Create | Scout Cavalry |
| 13:23 | Research | Forging |
| 13:24 | Research | Scale Barding Armor |
| 13:28 | Build | Pasture |
| 13:29 | Build | Pasture |
| 13:30 | Build | Pasture |
| 13:30 | Build | Pasture |
| 13:31 | Build | Pasture |
| 13:35 | Create | Villager (Male) |
| 13:36 | Create | Villager (Male) |
| 13:47 | Create | Villager (Male) |
| 14:12 | Create | Scout Cavalry |
| 14:13 | Create | Scout Cavalry |
| 14:17 | Build | Pasture |
| 14:22 | Build | Pasture |
| 14:26 | Create | Villager (Male) |
| 14:32 | Build | House |
| 14:34 | Build | House |
| 14:35 | Build | House |
| 15:19 | Build | Pasture |
| 15:25 | Build | House |
| 15:37 | Create | Villager (Male) |
| 15:37 | Create | Villager (Male) |
| 15:53 | Create | Scout Cavalry |
| 16:02 | Create | Villager (Male) |
| 16:02 | Create | Villager (Male) |
| 16:09 | Build | Pasture |
| 16:14 | Build | Pasture |
| 16:35 | Build | Mining Camp |
| 16:46 | Build | Pasture |
| 16:51 | Build | Pasture |
| 17:09 | Create | Villager (Male) |
| 17:11 | Build | Pasture |
| 17:23 | Build | House |
| 17:24 | Build | House |
| 17:31 | Create | Villager (Male) |
| 17:47 | Build | Pasture |
| 17:52 | Create | Villager (Male) |
| 17:52 | Create | Villager (Male) |
| 17:55 | Create | Scout Cavalry |
| 17:56 | Create | Scout Cavalry |
| 18:33 | Create | Villager (Male) |
| 18:36 | Create | Villager (Male) |
| 18:42 | Build | Stable |
| 18:56 | Create | Scout Cavalry |
| 18:56 | Create | Scout Cavalry |
| 19:06 | Build | Market |
| 19:12 | Build | Market |
| 19:27 | Create | Scout Cavalry |
| 19:28 | Create | Scout Cavalry |
| 19:48 | Create | Scout Cavalry |
| 19:49 | Create | Scout Cavalry |
| 20:35 | Research | Castle Age |
| 21:16 | Build | Pasture |
Build order — AngryKok
First 150 of 156 actions detected
| 0:02 | Create | Villager (Male) |
| 0:02 | Research | Loom |
| 0:03 | Create | Villager (Male) |
| 0:03 | Create | Villager (Male) |
| 0:03 | Create | Villager (Male) |
| 0:06 | Build | House |
| 0:32 | Build | House |
| 0:33 | Build | House |
| 0:35 | Build | House |
| 1:35 | Create | Villager (Male) |
| 1:35 | Create | Villager (Male) |
| 2:05 | Create | Villager (Male) |
| 2:05 | Create | Villager (Male) |
| 2:32 | Create | Villager (Male) |
| 3:07 | Create | Villager (Male) |
| 3:08 | Create | Villager (Male) |
| 3:23 | Create | Villager (Male) |
| 3:23 | Create | Villager (Male) |
| 4:18 | Create | Villager (Male) |
| 4:19 | Create | Villager (Male) |
| 4:28 | Create | Villager (Male) |
| 4:28 | Create | Villager (Male) |
| 4:28 | Create | Villager (Male) |
| 4:41 | Create | Villager (Male) |
| 4:41 | Create | Villager (Male) |
| 4:41 | Create | Villager (Male) |
| 5:17 | Build | Lumber Camp |
| 5:21 | Create | Villager (Male) |
| 5:21 | Create | Villager (Male) |
| 5:22 | Create | Villager (Male) |
| 6:00 | Create | Villager (Male) |
| 6:00 | Create | Villager (Male) |
| 6:27 | Build | Mill |
| 6:39 | Create | Villager (Male) |
| 6:39 | Create | Villager (Male) |
| 7:10 | Build | Mill |
| 7:52 | Create | Villager (Male) |
| 8:26 | Create | Villager (Male) |
| 9:15 | Build | Mining Camp |
| 9:17 | Research | Feudal Age |
| 11:29 | Age | Feudal Age |
| 11:32 | Research | Horse Collar |
| 11:34 | Research | Double-Bit Axe |
| 11:36 | Build | Farm |
| 11:37 | Build | Farm |
| 11:38 | Create | Villager (Male) |
| 11:38 | Create | Villager (Male) |
| 11:46 | Build | Farm |
| 11:47 | Build | Farm |
| 11:48 | Build | Farm |
| 11:49 | Build | Farm |
| 11:50 | Build | Farm |
| 11:55 | Build | Farm |
| 12:07 | Research | Wheelbarrow |
| 12:20 | Build | House |
| 12:21 | Build | House |
| 12:23 | Build | House |
| 12:51 | Build | Market |
| 13:24 | Create | Villager (Male) |
| 13:25 | Create | Villager (Male) |
| 13:33 | Build | Blacksmith |
| 13:40 | Build | Blacksmith |
| 13:53 | Build | Mining Camp |
| 14:02 | Create | Villager (Male) |
| 14:11 | Build | Farm |
| 14:47 | Research | Castle Age |
| 15:17 | Research | Stone Mining |
| 16:38 | Create | Villager (Male) |
| 16:39 | Create | Villager (Male) |
| 16:40 | Create | Villager (Male) |
| 17:27 | Age | Castle Age |
| 17:30 | Build | Town Center |
| 17:34 | Create | Villager (Male) |
| 17:46 | Build | Town Center |
| 18:33 | Create | Villager (Male) |
| 18:56 | Create | Villager (Male) |
| 18:57 | Create | Villager (Male) |
| 18:59 | Create | Villager (Male) |
| 18:59 | Create | Villager (Male) |
| 19:03 | Build | Farm |
| 19:04 | Build | Farm |
| 19:06 | Build | Farm |
| 19:11 | Create | Villager (Male) |
| 19:12 | Create | Villager (Male) |
| 19:12 | Create | Villager (Male) |
| 19:14 | Create | Villager (Male) |
| 19:15 | Create | Villager (Male) |
| 19:37 | Build | Castle |
| 19:54 | Build | Barracks |
| 20:01 | Create | Villager (Male) |
| 20:01 | Create | Villager (Male) |
| 20:01 | Create | Villager (Male) |
| 20:16 | Build | House |
| 20:19 | Build | House |
| 20:25 | Build | House |
| 20:47 | Build | Farm |
| 20:47 | Build | Farm |
| 20:48 | Build | Farm |
| 20:51 | Create | Villager (Male) |
| 21:05 | Build | Farm |
| 21:06 | Build | Farm |
| 21:10 | Create | Villager (Male) |
| 21:17 | Create | Villager (Male) |
| 21:46 | Create | Spearman |
| 21:47 | Create | Spearman |
| 21:47 | Create | Spearman |
| 21:54 | Build | Farm |
| 21:56 | Build | Farm |
| 21:56 | Build | Farm |
| 21:58 | Build | Farm |
| 21:59 | Build | Farm |
| 22:00 | Create | Villager (Male) |
| 22:06 | Create | Villager (Male) |
| 22:06 | Create | Villager (Male) |
| 22:41 | Build | Mining Camp |
| 22:49 | Create | Villager (Male) |
| 22:49 | Create | Villager (Male) |
| 22:56 | Build | Farm |
| 22:57 | Build | Farm |
| 22:58 | Build | Farm |
| 23:19 | Create | Huskarl |
| 23:20 | Create | Huskarl |
| 23:24 | Create | Spearman |
| 23:24 | Create | Spearman |
| 23:56 | Create | Huskarl |
| 23:56 | Create | Huskarl |
| 24:05 | Build | Farm |
| 24:06 | Build | Farm |
| 24:08 | Build | Farm |
| 24:10 | Create | Villager (Male) |
| 24:10 | Create | Villager (Male) |
| 24:15 | Build | Farm |
| 24:16 | Build | Farm |
| 24:17 | Build | Farm |
| 24:25 | Build | Farm |
| 24:25 | Build | Farm |
| 24:27 | Create | Villager (Male) |
| 24:27 | Create | Villager (Male) |
| 25:32 | Create | Huskarl |
| 25:33 | Create | Huskarl |
| 25:33 | Create | Huskarl |
| 25:33 | Create | Huskarl |
| 25:34 | Create | Huskarl |
| 25:34 | Create | Huskarl |
| 25:37 | Create | Huskarl |
| 25:38 | Create | Huskarl |
| 25:46 | Create | Villager (Male) |
| 25:46 | Create | Villager (Male) |
| 26:11 | Research | Squires |
| 27:28 | Research | Scale Mail Armor |
Build order — Longlonglong
91 actions detected in the replay
| 0:03 | Build | House |
| 0:05 | Build | House |
| 0:06 | Create | Villager (Male) |
| 0:06 | Create | Villager (Male) |
| 0:44 | Create | Villager (Male) |
| 0:44 | Create | Villager (Male) |
| 0:58 | Create | Villager (Male) |
| 0:59 | Create | Villager (Male) |
| 1:53 | Build | Lumber Camp |
| 2:29 | Create | Villager (Male) |
| 2:29 | Create | Villager (Male) |
| 2:29 | Create | Villager (Male) |
| 2:49 | Create | Villager (Male) |
| 3:48 | Build | Mill |
| 4:36 | Create | Villager (Male) |
| 4:36 | Create | Villager (Male) |
| 4:37 | Create | Villager (Male) |
| 4:49 | Create | Villager (Male) |
| 5:44 | Build | House |
| 6:12 | Create | Villager (Male) |
| 6:12 | Create | Villager (Male) |
| 6:27 | Build | House |
| 7:33 | Create | Villager (Male) |
| 7:33 | Create | Villager (Male) |
| 8:08 | Create | Villager (Male) |
| 8:09 | Create | Villager (Male) |
| 8:28 | Build | Farm |
| 8:47 | Build | Farm |
| 9:13 | Build | Farm |
| 9:17 | Create | Villager (Male) |
| 9:17 | Create | Villager (Male) |
| 9:33 | Create | Villager (Male) |
| 9:45 | Build | House |
| 9:59 | Create | Villager (Male) |
| 10:23 | Create | Villager (Male) |
| 10:34 | Build | House |
| 10:43 | Build | Mining Camp |
| 10:51 | Research | Feudal Age |
| 10:58 | Build | Farm |
| 12:57 | Build | Barracks |
| 13:19 | Age | Feudal Age |
| 13:31 | Build | Farm |
| 13:33 | Create | Villager (Male) |
| 13:33 | Create | Villager (Male) |
| 13:49 | Build | Blacksmith |
| 14:02 | Build | Stable |
| 14:31 | Build | Market |
| 14:36 | Create | Villager (Male) |
| 14:36 | Create | Villager (Male) |
| 14:51 | Create | Spearman |
| 14:51 | Create | Spearman |
| 15:04 | Create | Scout Cavalry |
| 15:04 | Create | Scout Cavalry |
| 15:13 | Build | Farm |
| 15:15 | Build | Farm |
| 15:16 | Build | Farm |
| 15:58 | Build | Farm |
| 16:00 | Build | Farm |
| 16:22 | Create | Scout Cavalry |
| 16:23 | Create | Scout Cavalry |
| 16:23 | Create | Scout Cavalry |
| 17:00 | Research | Castle Age |
| 17:06 | Build | Farm |
| 17:06 | Build | Farm |
| 19:25 | Age | Castle Age |
| 19:41 | Build | Town Center |
| 19:49 | Research | Double-Bit Axe |
| 19:50 | Create | Villager (Male) |
| 19:51 | Create | Villager (Male) |
| 20:20 | Build | Farm |
| 20:20 | Build | Farm |
| 20:40 | Build | Farm |
| 20:42 | Create | Villager (Male) |
| 20:43 | Create | Villager (Male) |
| 20:49 | Build | House |
| 20:55 | Create | Villager (Male) |
| 20:55 | Create | Villager (Male) |
| 21:09 | Create | Villager (Male) |
| 21:09 | Create | Villager (Male) |
| 21:10 | Create | Villager (Male) |
| 21:20 | Build | Stable |
| 21:22 | Build | Stable |
| 21:28 | Create | Villager (Male) |
| 21:29 | Create | Villager (Male) |
| 21:29 | Create | Villager (Male) |
| 21:51 | Build | House |
| 21:52 | Build | House |
| 21:52 | Build | House |
| 21:52 | Build | House |
| 21:53 | Build | House |
| 21:53 | Build | House |
Build order — zack
110 actions detected in the replay
| 0:03 | Create | Villager (Male) |
| 0:03 | Create | Villager (Male) |
| 0:04 | Create | Villager (Male) |
| 0:04 | Create | Villager (Male) |
| 0:07 | Build | House |
| 0:08 | Build | House |
| 1:27 | Create | Villager (Male) |
| 1:27 | Create | Villager (Male) |
| 1:52 | Build | Lumber Camp |
| 1:57 | Create | Villager (Male) |
| 1:57 | Create | Villager (Male) |
| 2:19 | Create | Villager (Male) |
| 2:19 | Create | Villager (Male) |
| 2:51 | Create | Villager (Male) |
| 3:20 | Create | Villager (Male) |
| 3:41 | Build | House |
| 3:43 | Create | Villager (Male) |
| 4:02 | Create | Villager (Male) |
| 4:10 | Build | Mill |
| 4:30 | Create | Villager (Male) |
| 5:11 | Build | House |
| 5:21 | Create | Villager (Male) |
| 5:38 | Create | Villager (Male) |
| 5:38 | Create | Villager (Male) |
| 5:38 | Create | Villager (Male) |
| 5:46 | Build | Palisade Wall |
| 5:58 | Build | Palisade Wall |
| 6:10 | Build | House |
| 6:22 | Create | Villager (Male) |
| 6:33 | Build | House |
| 6:35 | Build | Palisade Wall |
| 6:45 | Create | Villager (Male) |
| 7:08 | Create | Villager (Male) |
| 7:35 | Create | Villager (Male) |
| 8:05 | Build | Barracks |
| 8:13 | Create | Villager (Male) |
| 8:23 | Build | Mining Camp |
| 8:43 | Create | Villager (Male) |
| 8:46 | Build | Farm |
| 9:03 | Build | House |
| 9:09 | Research | Feudal Age |
| 9:39 | Build | Palisade Wall |
| 10:01 | Build | Farm |
| 10:06 | Create | Villager (Male) |
| 10:06 | Create | Villager (Male) |
| 10:06 | Create | Villager (Male) |
| 10:07 | Create | Villager (Male) |
| 10:07 | Create | Villager (Male) |
| 10:07 | Create | Villager (Male) |
| 10:17 | Create | Militia |
| 10:17 | Create | Militia |
| 10:37 | Build | House |
| 10:41 | Build | Palisade Wall |
| 10:47 | Build | House |
| 10:57 | Build | House |
| 11:04 | Build | Farm |
| 11:07 | Build | House |
| 11:15 | Build | Palisade Wall |
| 11:19 | Age | Feudal Age |
| 11:41 | Create | Villager (Male) |
| 11:41 | Create | Villager (Male) |
| 11:53 | Build | Palisade Wall |
| 12:28 | Create | Villager (Male) |
| 13:04 | Build | Lumber Camp |
| 13:20 | Build | Palisade Gate |
| 13:23 | Build | House |
| 13:25 | Build | House |
| 13:28 | Create | Villager (Male) |
| 13:49 | Research | Double-Bit Axe |
| 14:09 | Create | Spearman |
| 14:09 | Create | Spearman |
| 14:34 | Create | Villager (Male) |
| 14:51 | Create | Villager (Male) |
| 15:11 | Build | Barracks |
| 15:29 | Build | Farm |
| 15:29 | Build | Farm |
| 15:37 | Research | Loom |
| 15:47 | Build | Watch Tower |
| 16:16 | Create | Villager (Male) |
| 16:59 | Create | Villager (Male) |
| 16:59 | Create | Villager (Male) |
| 17:32 | Build | Farm |
| 17:32 | Build | Farm |
| 17:37 | Build | Farm |
| 17:48 | Research | Man-at-Arms (upgrade) |
| 18:26 | Create | Villager (Male) |
| 18:26 | Create | Villager (Male) |
| 18:29 | Build | Farm |
| 18:31 | Create | Villager (Male) |
| 18:31 | Create | Villager (Male) |
| 18:50 | Build | Farm |
| 18:57 | Build | Farm |
| 19:00 | Build | Farm |
| 19:04 | Build | Farm |
| 19:09 | Build | Farm |
| 19:25 | Build | Mill |
| 19:51 | Create | Villager (Male) |
| 19:51 | Create | Villager (Male) |
| 19:51 | Create | Villager (Male) |
| 19:56 | Create | Militia |
| 19:56 | Create | Militia |
| 20:36 | Create | Militia |
| 20:38 | Create | Militia |
| 21:12 | Create | Villager (Male) |
| 21:13 | Create | Villager (Male) |
| 21:21 | Build | Farm |
| 21:21 | Build | Farm |
| 21:28 | Build | Barracks |
| 21:32 | Create | Militia |
| 21:34 | Create | Militia |
Build order — ForlornBirch96
First 150 of 190 actions detected
| 0:02 | Create | Villager (Male) |
| 0:03 | Create | Villager (Male) |
| 0:03 | Create | Villager (Male) |
| 0:03 | Create | Villager (Male) |
| 0:05 | Build | House |
| 0:07 | Build | House |
| 1:32 | Create | Villager (Male) |
| 1:51 | Build | Lumber Camp |
| 2:02 | Create | Villager (Male) |
| 2:02 | Create | Villager (Male) |
| 2:02 | Create | Villager (Male) |
| 2:27 | Create | Villager (Male) |
| 2:27 | Create | Villager (Male) |
| 2:45 | Create | Villager (Male) |
| 2:45 | Create | Villager (Male) |
| 3:12 | Create | Villager (Male) |
| 3:12 | Create | Villager (Male) |
| 3:43 | Create | Villager (Male) |
| 3:43 | Create | Villager (Male) |
| 3:52 | Build | House |
| 3:55 | Build | House |
| 4:00 | Create | Villager (Male) |
| 4:13 | Build | Mill |
| 4:37 | Create | Villager (Male) |
| 4:37 | Create | Villager (Male) |
| 4:38 | Create | Villager (Male) |
| 4:58 | Create | Villager (Male) |
| 4:59 | Create | Villager (Male) |
| 4:59 | Create | Villager (Male) |
| 5:40 | Create | Villager (Male) |
| 5:41 | Create | Villager (Male) |
| 6:00 | Create | Villager (Male) |
| 6:02 | Create | Villager (Male) |
| 6:02 | Create | Villager (Male) |
| 6:44 | Research | Loom |
| 7:37 | Research | Feudal Age |
| 7:44 | Build | Lumber Camp |
| 8:39 | Build | House |
| 8:46 | Build | Barracks |
| 8:49 | Create | Villager (Male) |
| 8:50 | Create | Villager (Male) |
| 8:51 | Create | Villager (Male) |
| 10:00 | Build | Stable |
| 10:06 | Build | Blacksmith |
| 10:14 | Create | Villager (Male) |
| 10:44 | Create | Scout Cavalry |
| 10:44 | Create | Scout Cavalry |
| 10:44 | Create | Scout Cavalry |
| 11:23 | Create | Villager (Male) |
| 11:41 | Build | House |
| 11:56 | Create | Villager (Male) |
| 11:56 | Create | Villager (Male) |
| 11:56 | Create | Villager (Male) |
| 12:00 | Build | Farm |
| 12:05 | Build | Farm |
| 12:05 | Build | Farm |
| 12:06 | Build | Farm |
| 12:06 | Build | Farm |
| 12:06 | Build | Farm |
| 12:07 | Build | Farm |
| 12:07 | Build | Farm |
| 12:07 | Build | Farm |
| 12:07 | Build | Farm |
| 12:08 | Build | Farm |
| 12:08 | Build | Farm |
| 12:09 | Build | Farm |
| 12:14 | Create | Villager (Male) |
| 12:26 | Create | Villager (Male) |
| 12:27 | Create | Villager (Male) |
| 12:31 | Build | House |
| 12:33 | Build | House |
| 13:21 | Create | Villager (Male) |
| 13:22 | Create | Villager (Male) |
| 13:31 | Build | House |
| 13:31 | Build | House |
| 13:31 | Build | House |
| 13:34 | Create | Scout Cavalry |
| 13:35 | Create | Scout Cavalry |
| 14:36 | Create | Villager (Male) |
| 14:36 | Create | Villager (Male) |
| 14:36 | Create | Villager (Male) |
| 14:41 | Create | Scout Cavalry |
| 14:41 | Create | Scout Cavalry |
| 14:41 | Create | Scout Cavalry |
| 14:42 | Create | Villager (Male) |
| 15:23 | Create | Villager (Male) |
| 15:23 | Create | Villager (Male) |
| 15:24 | Create | Villager (Male) |
| 15:27 | Build | Farm |
| 15:30 | Create | Villager (Male) |
| 15:42 | Build | Mining Camp |
| 15:45 | Build | Farm |
| 15:48 | Research | Horse Collar |
| 15:48 | Create | Villager (Male) |
| 15:52 | Build | House |
| 15:57 | Build | Farm |
| 16:19 | Create | Villager (Male) |
| 16:22 | Build | Farm |
| 17:07 | Create | Villager (Male) |
| 17:08 | Create | Villager (Male) |
| 17:11 | Build | Farm |
| 17:13 | Build | Farm |
| 17:19 | Build | Farm |
| 17:24 | Build | House |
| 17:26 | Build | House |
| 17:31 | Build | Farm |
| 17:32 | Build | Farm |
| 17:32 | Build | Farm |
| 18:13 | Create | Villager (Male) |
| 18:13 | Create | Villager (Male) |
| 18:16 | Build | Farm |
| 19:23 | Build | Stable |
| 19:25 | Build | Stable |
| 19:48 | Research | Castle Age |
| 19:55 | Research | Scale Barding Armor |
| 20:18 | Build | House |
| 20:18 | Build | House |
| 20:19 | Build | House |
| 20:19 | Build | House |
| 20:19 | Build | House |
| 20:19 | Build | House |
| 20:48 | Research | Bloodlines |
| 20:57 | Research | Double-Bit Axe |
| 21:14 | Research | Forging |
| 21:18 | Create | Villager (Male) |
| 21:18 | Create | Villager (Male) |
| 21:19 | Create | Villager (Male) |
| 21:19 | Create | Villager (Male) |
| 22:43 | Create | Knight ×3 |
| 22:43 | Create | Knight ×3 |
| 22:44 | Create | Knight ×3 |
| 22:45 | Create | Villager (Male) |
| 22:52 | Build | Town Center |
| 23:15 | Create | Knight |
| 23:16 | Create | Knight |
| 23:16 | Create | Knight |
| 23:17 | Create | Villager (Male) |
| 23:18 | Create | Villager (Male) |
| 23:26 | Create | Knight |
| 23:30 | Build | House |
| 23:32 | Build | House |
| 23:32 | Build | House |
| 23:32 | Build | House |
| 23:32 | Build | House |
| 24:07 | Build | Town Center |
| 24:09 | Create | Villager (Male) |
| 24:14 | Create | Knight |
| 24:21 | Create | Villager (Male) |
| 24:21 | Create | Villager (Male) |
| 24:22 | Create | Villager (Male) |
Build order — IBM
117 actions detected in the replay
| 0:04 | Create | Villager (Male) |
| 0:04 | Create | Villager (Male) |
| 0:04 | Create | Villager (Male) |
| 0:04 | Create | Villager (Male) |
| 0:05 | Create | Villager (Male) |
| 0:10 | Build | House |
| 0:14 | Build | House |
| 0:49 | Build | House |
| 1:43 | Research | Loom |
| 1:53 | Create | Villager (Male) |
| 2:51 | Build | Lumber Camp |
| 2:54 | Create | Villager (Male) |
| 2:54 | Create | Villager (Male) |
| 2:54 | Create | Villager (Male) |
| 3:17 | Create | Villager (Male) |
| 3:17 | Create | Villager (Male) |
| 3:28 | Create | Villager (Male) |
| 3:28 | Create | Villager (Male) |
| 4:13 | Create | Villager (Male) |
| 4:21 | Create | Villager (Male) |
| 4:21 | Create | Villager (Male) |
| 4:49 | Build | Palisade Wall |
| 4:56 | Create | Villager (Male) |
| 5:44 | Create | Villager (Male) |
| 5:44 | Create | Villager (Male) |
| 5:44 | Create | Villager (Male) |
| 6:18 | Build | House |
| 6:27 | Create | Villager (Male) |
| 6:27 | Create | Villager (Male) |
| 6:43 | Build | Mill |
| 7:26 | Build | Palisade Wall |
| 7:38 | Create | Villager (Male) |
| 7:38 | Create | Villager (Male) |
| 7:38 | Create | Villager (Male) |
| 8:24 | Research | Feudal Age |
| 8:46 | Build | Mill |
| 9:15 | Build | Palisade Wall |
| 10:59 | Create | Villager (Male) |
| 10:59 | Create | Villager (Male) |
| 10:59 | Create | Villager (Male) |
| 10:59 | Create | Villager (Male) |
| 11:03 | Age | Feudal Age |
| 11:16 | Build | Palisade Wall |
| 11:23 | Create | Villager (Male) |
| 11:24 | Create | Villager (Male) |
| 11:59 | Build | Barracks |
| 12:31 | Build | Mining Camp |
| 12:35 | Create | Villager (Male) |
| 12:35 | Create | Villager (Male) |
| 12:35 | Create | Villager (Male) |
| 12:54 | Build | House |
| 13:24 | Build | Stable |
| 13:46 | Create | Villager (Male) |
| 13:46 | Create | Villager (Male) |
| 13:50 | Build | House |
| 14:18 | Create | Scout Cavalry |
| 14:18 | Create | Scout Cavalry |
| 14:38 | Build | Lumber Camp |
| 15:34 | Research | Horse Collar |
| 15:45 | Build | House |
| 15:52 | Build | Lumber Camp |
| 15:58 | Create | Villager (Male) |
| 15:59 | Create | Villager (Male) |
| 15:59 | Create | Villager (Male) |
| 16:20 | Create | Villager (Male) |
| 16:20 | Create | Villager (Male) |
| 16:32 | Build | Stone Wall |
| 16:37 | Build | Stone Wall |
| 16:45 | Research | Wheelbarrow |
| 16:51 | Build | Farm |
| 16:59 | Build | Farm |
| 16:59 | Build | Farm |
| 16:59 | Build | Farm |
| 16:59 | Build | Farm |
| 17:00 | Build | Farm |
| 17:00 | Build | Farm |
| 17:02 | Build | Farm |
| 17:07 | Build | House |
| 17:35 | Build | Farm |
| 17:41 | Build | Farm |
| 18:00 | Research | Double-Bit Axe |
| 18:06 | Build | Farm |
| 18:12 | Build | Farm |
| 19:06 | Create | Villager (Male) |
| 19:06 | Create | Villager (Male) |
| 19:22 | Build | Market |
| 19:34 | Build | Blacksmith |
| 19:47 | Build | Mining Camp |
| 19:54 | Build | Farm |
| 20:07 | Build | Farm |
| 20:42 | Create | Villager (Male) |
| 20:42 | Create | Villager (Male) |
| 20:42 | Create | Villager (Male) |
| 20:43 | Create | Villager (Male) |
| 20:48 | Build | Farm |
| 21:05 | Build | Farm |
| 21:05 | Build | Farm |
| 21:05 | Build | Farm |
| 21:06 | Build | Farm |
| 21:49 | Build | Stone Wall |
| 22:52 | Research | Castle Age |
| 25:26 | Research | Bloodlines |
| 25:32 | Age | Castle Age |
| 25:32 | Build | Stable |
| 25:38 | Create | Steppe Lancer |
| 25:38 | Create | Steppe Lancer |
| 25:39 | Create | Steppe Lancer |
| 25:39 | Create | Steppe Lancer |
| 25:42 | Research | Scale Barding Armor |
| 25:57 | Build | Castle |
| 26:05 | Research | Forging |
| 26:20 | Create | Steppe Lancer |
| 26:21 | Create | Steppe Lancer |
| 26:21 | Create | Steppe Lancer |
| 26:21 | Create | Steppe Lancer |
| 26:51 | Create | Steppe Lancer |
| 26:58 | Build | House |
Build order — NotSleeping
First 150 of 188 actions detected
| 0:01 | Create | Villager (Male) |
| 0:02 | Create | Villager (Male) |
| 0:02 | Create | Villager (Male) |
| 0:02 | Create | Villager (Male) |
| 0:04 | Build | House |
| 0:07 | Build | House |
| 1:25 | Create | Villager (Male) |
| 1:25 | Create | Villager (Male) |
| 1:55 | Build | House |
| 2:05 | Create | Villager (Male) |
| 2:05 | Create | Villager (Male) |
| 2:23 | Build | Lumber Camp |
| 2:26 | Build | House |
| 2:32 | Create | Villager (Male) |
| 2:32 | Create | Villager (Male) |
| 2:34 | Create | Villager (Male) |
| 2:47 | Create | Villager (Male) |
| 2:47 | Create | Villager (Male) |
| 3:08 | Create | Villager (Male) |
| 3:09 | Create | Villager (Male) |
| 3:42 | Create | Villager (Male) |
| 3:42 | Create | Villager (Male) |
| 3:59 | Create | Villager (Male) |
| 4:00 | Create | Villager (Male) |
| 4:44 | Create | Villager (Male) |
| 4:44 | Create | Villager (Male) |
| 4:44 | Create | Villager (Male) |
| 5:30 | Create | Villager (Male) |
| 5:30 | Create | Villager (Male) |
| 5:31 | Create | Villager (Male) |
| 5:49 | Create | Villager (Male) |
| 5:49 | Create | Villager (Male) |
| 5:53 | Build | Mill |
| 6:02 | Create | Villager (Male) |
| 6:03 | Create | Villager (Male) |
| 6:22 | Create | Villager (Male) |
| 6:39 | Research | Loom |
| 7:15 | Research | Feudal Age |
| 8:20 | Build | Barracks |
| 8:22 | Build | Palisade Wall |
| 8:50 | Build | Mining Camp |
| 9:01 | Create | Villager (Male) |
| 9:01 | Create | Villager (Male) |
| 9:25 | Age | Feudal Age |
| 9:39 | Build | Archery Range |
| 10:05 | Create | Villager (Male) |
| 10:30 | Create | Archer |
| 10:30 | Create | Archer |
| 10:33 | Build | Archery Range |
| 10:36 | Create | Villager (Male) |
| 10:36 | Create | Villager (Male) |
| 10:46 | Build | House |
| 10:51 | Create | Villager (Male) |
| 11:05 | Create | Villager (Male) |
| 11:43 | Create | Archer |
| 11:43 | Create | Archer |
| 11:43 | Create | Archer |
| 11:54 | Create | Villager (Male) |
| 11:55 | Create | Villager (Male) |
| 12:05 | Create | Spearman |
| 12:05 | Create | Spearman |
| 12:18 | Create | Archer |
| 12:19 | Create | Archer |
| 12:19 | Create | Archer |
| 12:40 | Create | Archer |
| 12:41 | Create | Archer |
| 12:41 | Create | Archer |
| 12:43 | Build | House |
| 12:44 | Build | House |
| 13:13 | Create | Archer |
| 13:13 | Create | Archer |
| 13:13 | Create | Archer |
| 13:23 | Create | Villager (Male) |
| 13:24 | Create | Villager (Male) |
| 13:24 | Create | Villager (Male) |
| 13:25 | Create | Archer |
| 13:27 | Create | Archer |
| 13:27 | Create | Archer |
| 13:32 | Build | Farm |
| 13:32 | Build | Farm |
| 13:32 | Build | Farm |
| 13:32 | Build | Farm |
| 13:32 | Build | Farm |
| 13:33 | Build | Farm |
| 13:33 | Build | Farm |
| 13:46 | Create | Archer |
| 13:46 | Create | Archer |
| 13:47 | Create | Archer |
| 14:14 | Create | Villager (Male) |
| 14:14 | Create | Villager (Male) |
| 14:21 | Build | Blacksmith |
| 15:07 | Create | Villager (Male) |
| 15:07 | Create | Villager (Male) |
| 15:17 | Build | House |
| 15:18 | Build | House |
| 15:18 | Build | House |
| 15:18 | Build | House |
| 15:18 | Build | House |
| 15:50 | Create | Villager (Male) |
| 15:51 | Create | Villager (Male) |
| 15:56 | Build | Palisade Wall |
| 16:15 | Build | Farm |
| 16:17 | Create | Villager (Male) |
| 16:17 | Create | Villager (Male) |
| 16:18 | Create | Villager (Male) |
| 16:22 | Build | Farm |
| 16:22 | Build | Farm |
| 16:22 | Build | Farm |
| 16:26 | Create | Villager (Male) |
| 16:27 | Create | Villager (Male) |
| 16:36 | Build | Palisade Wall |
| 16:41 | Build | Palisade Wall |
| 16:42 | Build | Palisade Wall |
| 16:51 | Build | Farm |
| 16:52 | Build | Farm |
| 16:52 | Build | Farm |
| 17:03 | Create | Villager (Male) |
| 17:21 | Build | Farm |
| 17:24 | Create | Villager (Male) |
| 17:24 | Create | Villager (Male) |
| 17:58 | Build | Farm |
| 18:18 | Create | Villager (Male) |
| 18:21 | Build | Farm |
| 18:22 | Build | Farm |
| 18:27 | Build | Farm |
| 18:44 | Build | Farm |
| 18:48 | Create | Villager (Male) |
| 19:23 | Create | Spearman |
| 19:23 | Create | Spearman |
| 19:25 | Create | Militia |
| 19:25 | Create | Villager (Male) |
| 20:29 | Research | Castle Age |
| 20:40 | Create | Villager (Male) |
| 20:40 | Create | Villager (Male) |
| 21:11 | Create | Spearman |
| 21:11 | Create | Spearman |
| 21:13 | Create | Villager (Male) |
| 21:14 | Create | Villager (Male) |
| 21:30 | Create | Villager (Male) |
| 22:58 | Research | Fletching |
| 22:58 | Research | Padded Archer Armor |
| 23:09 | Age | Castle Age |
| 23:11 | Build | Siege Workshop |
| 23:19 | Research | Crossbowman (upgrade) |
| 23:19 | Research | Thumb Ring |
| 23:54 | Create | Mangonel |
| 23:55 | Create | Mangonel |
| 23:58 | Research | Thumb Ring |
| 24:17 | Create | Archer ×4 |
| 24:17 | Create | Archer ×4 |
Match timeline
| 4:49 | IBM · wall_segment Palisade Wall x11 |
| 5:46 | zack · wall_segment Palisade Wall x1 |
| 5:58 | zack · wall_segment Palisade Wall x1 |
| 6:35 | zack · wall_segment Palisade Wall x3 |
| 7:06 | Baruchiev · first_building Barracks |
| 7:26 | IBM · wall_segment Palisade Wall x36 |
| 8:05 | zack · first_building Barracks |
| 8:20 | NotSleeping · first_building Barracks |
| 8:22 | NotSleeping · wall_segment Palisade Wall x1 |
| 8:46 | ForlornBirch96 · first_building Barracks |
| 9:15 | IBM · wall_segment Palisade Wall x1 |
| 9:25 | NotSleeping · age_up feudal |
| 9:37 | Baruchiev · wall_segment Palisade Wall x3 |
| 9:39 | zack · wall_segment Palisade Wall x4 |
| 9:39 | NotSleeping · first_building Archery Range |
| 9:44 | DisWhey · first_building Barracks |
| 10:00 | ForlornBirch96 · first_building Stable |
| 10:33 | Baruchiev · age_up feudal |
| 10:38 | DisWhey · age_up feudal |
| 10:41 | zack · wall_segment Palisade Wall x1 |
| 11:03 | IBM · age_up feudal |
| 11:15 | zack · wall_segment Palisade Wall x1 |
| 11:16 | IBM · wall_segment Palisade Wall x1 |
| 11:19 | zack · age_up feudal |
| 11:29 | AngryKok · age_up feudal |
| 11:30 | DisWhey · first_building Stable |
| 11:53 | zack · wall_segment Palisade Wall x17 |
| 11:59 | IBM · first_building Barracks |
| 12:49 | Baruchiev · wall_segment Palisade Wall x23 |
| 12:57 | Longlonglong · first_building Barracks |
| 13:19 | Longlonglong · age_up feudal |
| 13:24 | IBM · first_building Stable |
| 14:02 | Longlonglong · first_building Stable |
| 15:56 | NotSleeping · wall_segment Palisade Wall x32 |
| 16:12 | Baruchiev · wall_segment Palisade Wall x5 |
| 16:32 | IBM · wall_segment Stone Wall x14 |
| 16:36 | NotSleeping · wall_segment Palisade Wall x11 |
| 16:37 | IBM · wall_segment Stone Wall x16 |
| 16:41 | NotSleeping · wall_segment Palisade Wall x1 |
| 16:42 | NotSleeping · wall_segment Palisade Wall x1 |
| 17:27 | AngryKok · age_up castle |
| 19:25 | Longlonglong · age_up castle |
| 19:31 | Longlonglong · first_market_sell 100 food |
| 19:33 | Longlonglong · first_market_buy 100 wood |
| 19:37 | AngryKok · first_building Castle |
| 19:54 | AngryKok · first_building Barracks |
| 21:49 | IBM · wall_segment Stone Wall x15 |
| 22:03 | DisWhey · resign |
| 23:09 | NotSleeping · age_up castle |
| 23:11 | NotSleeping · first_building Siege Workshop |
| 24:21 | Baruchiev · age_up castle |
| 25:32 | IBM · age_up castle |
| 25:57 | IBM · first_building Castle |
| 26:39 | Baruchiev · first_market_sell 100 food |
[ AI ANALYSIS · 1 CREDIT ]
What really happened in this match?
Wolo.gg analyzes every decision: build order, eco, micro, common mistakes by bracket. Personalized analysis on WhatsApp or Discord in 30 seconds.
Civ guide
Aztecs
Perfil
Jugador #11292526